 Dungeon Crawl Stone Soup version 0.31.0-11-ge490571c62 (webtiles) character file.

Game seed: 11125996083238393515

293 qw the Ducker (level 6, 0/30 HPs)
             Began as a Spriggan Hunter on Feb 4, 2024.
             Slain by a gnoll
             ... wielding a +0 scythe
              (10 damage)
             ... on level 4 of the Dungeon.
             The game lasted 00:00:48 (2540 turns).

qw the Ducker (Spriggan Hunter)                     Turns: 2540, Time: 00:00:48

Health: 0/30       AC:  2    Str:  7    XL:     6   Next: 11%
Magic:  0/7        EV: 21    Int: 10    God:
Gold:   894        SH:  0    Dex: 21    Spells: 5/5 levels left

rFire   . . .        k - +1 shortbow (drain)
rCold   . . .        (shield currently unavailable)
rNeg    . . .        c - +0 robe
rPois   .            (helmet restricted)
rElec   .            (no cloak)
rCorr   .            (gloves unavailable)
SInv    +            (boots unavailable)
Will    +....        i - amulet of guardian spirit
Stlth   ++           (no ring)
HPRegen 0.25/turn    (no ring)
MPRegen 0.10/turn

%: guardian spirit
@: very quick
A: very small, no large weapons, unfitting armour, see invisible, speed 3
a: no special abilities


You were on level 4 of the Dungeon.
You visited 1 branch of the dungeon, and saw 4 of its levels.

You collected 1018 gold pieces.
You spent 124 gold pieces at shops.


Innate Abilities, Weirdness & Mutations

You are very small and have problems with some larger weapons.
You are too small for most types of armour.
You have supernaturally acute eyesight. (SInv)
You cover ground extremely quickly. (Speed+++)


   Skills:
 - Level 2.1 Fighting
 + Level 5.7 Ranged Weapons
 - Level 6.1 Dodging
 - Level 1.5 Stealth


You had 5 spell levels left.
You didn't know any spells.
Your spell library was empty.

Inventory:

Hand Weapons
 k - a +1 shortbow of draining (weapon)
Armour
 b - a +2 robe of fire resistance
 c - a +0 robe (worn)
Jewellery
 i - an amulet of guardian spirit (around neck)
Scrolls
 a - a scroll of silence {unknown}
 e - a scroll of teleportation
Potions
 d - a potion of curing
 h - a potion of ambrosia {unknown}

Dungeon Overview and Level Annotations

Branches:
Dungeon (4/15)
 Temple: D:4-7

Altars:
The Shining One

Shops:
D:2 (


Message History

b - a +2 robe of fire resistance A scorpion comes into view.
You shoot an arrow.
The arrow completely misses the scorpion.
You shoot an arrow. The arrow hits the scorpion!
You drain the scorpion.
The scorpion is severely wounded.
You shoot an arrow. The arrow hits the scorpion.
You kill the scorpion!
You have reached level 6!
You open the door. 3 gnolls come into view.
The gnoll shouts! x2
The gnoll completely misses you.
The gnoll shouts!
You shoot an arrow. The arrow barely misses the gnoll.
The arrow hits the gnoll but does no damage.
The gnoll completely misses you.
The gnoll hits you from afar with a +0 scythe.
You shoot an arrow. The arrow closely misses the gnoll.
The gnoll closely misses you. x2; The gnoll misses you.
The gnoll closely misses you. The gnoll misses you. x2
You shoot an arrow. The arrow hits the gnoll.
You drain the gnoll.
The gnoll is almost dead.
The gnoll closely misses you.
The gnoll hits you from afar with a +0 scythe.
The gnoll closely misses you.
You shoot an arrow. The arrow barely misses the gnoll.
The gnoll hits you from afar with a +0 scythe!
The gnoll closely misses you. The gnoll completely misses you.
You shoot an arrow. The arrow barely misses the gnoll.
The gnoll hits you from afar with a +0 scythe.
The gnoll barely misses you. The gnoll misses you.
You shoot an arrow. The arrow hits the gnoll!
You kill the gnoll!
The gnoll hits you from afar with a +0 scythe.
The gnoll misses you.
You shoot an arrow. The arrow hits the gnoll.
You drain the gnoll.
The gnoll is moderately wounded.
The gnoll hits you from afar with a +0 scythe!
You die...

#.. #####.#
#...#.# .gg#.# ..
##'##.# #..
#.@)#.# #.#
#...#.## #..# #.#
###....# #..# #.#
###..# #..# #.#
..#######..####..#
#.#
#......#......#..#
..####
..#...####.#..#
.....## #.#..##
#....####
#.##..### #.#..#
####......#


You could see 2 gnolls.

Vanquished Creatures
  A kobold brigand (D:3)
  A scorpion (D:4)
  An orc priest (D:4)
  Robin (D:3)
  A gnoll (D:4)
  2 adders
  3 ribbon worms
  A dart slug (D:1)
  5 orcs
  2 bats
  4 endoplasms
  5 giant cockroaches
  17 goblins
  7 hobgoblins
  5 jackals (D:2)
  A quokka (D:1)
  3 ball pythons
  4 frilled lizards
  9 kobolds
  4 rats
77 creatures vanquished.

Notes
Turn   | Place    | Note
-------+----------+-------------------------------------------
     0 | D:1      | qw the Spriggan Hunter began the quest for the Orb.
     0 | D:1      | Reached XP level 1. HP: 10/10 MP: 2/2
     0 | D:1      | 0 ||| qw: Version: 0.3-a-160-g6735b56
     0 | D:1      | 0 ||| qw: Game counter: 5666
     0 | D:1      | 0 ||| qw: Melee chars always use a shield: true
     0 | D:1      | 0 ||| qw: God list: Okawaru
     0 | D:1      | 0 ||| qw: Allow faded altars: false
     0 | D:1      | 0 ||| qw: Do Orc after clearing Dungeon:15 true
     0 | D:1      | 0 ||| qw: Do second Lair branch before Depths: true
     0 | D:1      | 0 ||| qw: Lair rune preference: random
     0 | D:1      | 0 ||| qw: Goals: Normal
     0 | D:1      | 0 ||| PLANNING D:1-11
   139 | D:1      | Reached skill level 3 in Dodging
   158 | D:1      | Reached XP level 2. HP: 14/14 MP: 3/3
   258 | D:1      | Reached skill level 4 in Dodging
   822 | D:1      | Reached XP level 3. HP: 18/18 MP: 4/4
   826 | D:1      | 826 ||| UPGRADING to amulet of guardian spirit.
   831 | D:1      | 831 ||| READING scroll labelled QAFOET YREOH.
   831 | D:1      | 831 ||| ENCHANTING +0 shortbow.
   832 | D:1      | 832 ||| READING 2 scrolls labelled VULLOR MODACWI.
   836 | D:1      | 836 ||| READING scroll labelled BETHYH GEIR CATU.
   836 | D:1      | Identified a scroll of acquirement
   836 | D:1      | 836 ||| ACQUIRING 809 gold pieces
   836 | D:1      | Acquired 809 gold pieces
   838 | D:1      | 838 ||| DRINKING 2 murky grey potions.
   885 | D:1      | 885 ||| DROPPING scroll of butterflies.
   886 | D:1      | 886 ||| DROPPING potion of lignification.
  1468 | D:2      | Found Nyinykh's Weapon Emporium.
  1472 | D:2      | 1472 ||| BUYING +1 shortbow of flaming (124 gold).
  1472 | D:2      | Bought a +1 shortbow of flaming for 124 gold pieces
  1472 | D:2      | 1472 ||| SWAPPING to +1 shortbow of flaming.
  1473 | D:2      | 1473 ||| DROPPING +1 shortbow.
  1708 | D:2      | 1708 ||| DROPPING ring of flight.
  1709 | D:2      | 1709 ||| READING scroll labelled WISKOI HEAF.
  1710 | D:2      | 1710 ||| READING scroll labelled FULOSCH AHOILIRR.
  1710 | D:2      | 1710 ||| BRANDING +1 shortbow of flaming.
  1711 | D:2      | 1711 ||| DRINKING 2 coppery potions.
  1712 | D:2      | 1712 ||| DROPPING potion of attraction.
  1752 | D:3      | 1752 ||| STAIRDANCE
  1830 | D:3      | Reached XP level 4. HP: 22/22 MP: 5/5
  1832 | D:3      | Noticed Robin
  1842 | D:3      | Killed Robin
  1923 | D:3      | Noticed a kobold brigand
  1932 | D:3      | Killed a kobold brigand
  1933 | D:3      | Reached skill level 6 in Dodging
  1933 | D:3      | Reached XP level 5. HP: 16/25 MP: 6/6
  2025 | D:3      | Identified the +0 ring mail of Ytius {rF++}
  2247 | D:3      | 2247 ||| READING 2 scrolls labelled AMOOCHO TOLYFY.
  2248 | D:3      | 2248 ||| DRINKING 2 fizzy purple potions.
  2249 | D:3      | 2249 ||| DROPPING scroll of immolation.
  2331 | D:4      | 2331 ||| READING scroll of brand weapon.
  2331 | D:4      | 2331 ||| BRANDING +1 shortbow of freezing.
  2356 | D:4      | 2356 ||| FLEEEEING.
  2448 | D:4      | Found a glowing golden altar of the Shining One.
  2504 | D:4      | Reached XP level 6. HP: 30/30 MP: 7/7
  2540 | D:4      | Slain by a gnoll

Levels and vault maps discovered:
D:1:      spicycebolla_arrival_xxxplode, layout_loops_ring, columned_hall_lemuel
D:2:      layout_basic, serial_forest, infiniplex_forest_straight_3,
          infiniplex_forest_straight_4, infiniplex_forest_straight_4,
          infiniplex_forest_diagonal, infiniplex_forest_clump_small,
          infiniplex_forest_corner_1, infiniplex_forest_clump_large,
          infiniplex_forest_end_1, serial_shops, shop, minmay_quadrilaterals
D:3:      layout_rooms, uniq_robin
D:4:      layout_rooms, mainiacjoe_overflow_boulevard, sigmund_army

Skill      XL: |  1  2  3  4  5 |
---------------+----------------+-----
Dodging        | 3 4 6 |  6.1
Ranged Weapons | 5 |  5.7
Fighting       | 2 |  2.1
Stealth        | |  1.5

Action                     |  1- 3 |  4- 6 || total
---------------------------+-------+-------++-------
   Fire: Shortbow          |   126 |    89 ||   215
    Use: Scroll            |     5 |     2 ||     7
         Potion            |     2 |     1 ||     3
 Armour: Robe              |    15 |    26 ||    41
  Dodge: Dodged            |    37 |    80 ||   117

Table legend:
 A = Non-vault XP
 B = Vault XP
 C = Vault XP percentage of total XP
 D = Non-vault monster count
 E = Vault monster count
 F = Vault count percentage of total count
                 A         B        C        D         E       F
            +---------+---------+-------+---------+---------+-------
      Total |     365 |      54 |  12.9 |      61 |      16 |  20.8
            +---------+---------+-------+---------+---------+-------
        D:1 |      41 |       0 |   0.0 |      22 |       0 |   0.0
        D:2 |      29 |       2 |   6.5 |      14 |       2 |  12.5
        D:3 |     133 |      38 |  22.2 |      13 |      13 |  50.0
        D:4 |     162 |      14 |   8.0 |      12 |       1 |   7.7
            +---------+---------+-------+---------+---------+-------
